 Dungeon Crawl Stone Soup version 0.15-b1-28-g171dbaf (webtiles) character file.

185 Econoterrorist the Cudgeler (level 5, -7/48 HPs)
             Began as a Gargoyle Fighter on Aug 5, 2014.
             Killed by divine providence
             ... invoked by an orc priest
              (9 damage)
             ... on Level 4 of the Dungeon.
             The game lasted 00:09:14 (2421 turns).

Econoterrorist the Cudgeler (Gargoyle Fighter)      Turns: 2421, Time: 00:09:14

HP  -7/48        AC 22     Str 20      XL: 5   Next: 64%
MP   5/5         EV  2     Int  9      God:
Gold 256         SH  9     Dex  9      Spells:  0 memorised,  4 levels left

rFire  . . .     SeeInvis .     s - +4 mace (drain)
rCold  . . .     Clarity  .     t - melded +0 chain mail
rNeg   + + +     rCorr    .     c - +0 shield
rPois  +         rRot     +     (no helmet)
rElec  .         Spirit   .     r - melded +0 cloak
SustAb .         Warding  .     i - melded +0 pair of gloves
rMut   .         NoTele   +     (boots currently unavailable)
Gourm  .                        (no amulet)
MR     .....                    (no ring)
                                b - ring of flight

@: tree-form, very slightly contaminated, hasted, very quick, not resistant to
hostile enchantments, very unstealthy
A: negative energy resistance 1, (electricity resistance), (unbreathing),
petrification resistance, rot immunity, AC +4
a: no special abilities


You were on level 4 of the Dungeon.
You were not hungry.
You were an animated tree.
You visited 1 branch of the dungeon, and saw 4 of its levels.

You collected 256 gold pieces.

Inventory:

Hand weapons
 s - a +4 mace of draining (weapon)
Armour
 c - a +0 shield (worn)
 i - a +0 pair of gloves (melded)
 r - a +0 cloak (melded)
 t - a +0 chain mail (melded)
Comestibles
 d - 6 bread rations
 j - a meat ration
 l - a beef jerky
 m - 2 slices of pizza
 n - 9 fruits
Scrolls
 a - a scroll of blinking {unknown}
 f - a scroll of remove curse {unknown}
 o - 2 scrolls of identify {unknown}
 q - a scroll of random uselessness {unknown}
Jewellery
 b - a ring of flight (left branch)
Potions
 e - a potion of might
 k - a potion of confusion {unknown}
 p - a potion of flight {unknown}
 u - a potion of cancellation {unknown}


   Skills:
 - Level 3.2 Fighting
 + Level 5.7 Maces & Flails
 - Level 3.2 Armour
 - Level 3.2 Shields


You had 4 spell levels left.
You didn't know any spells.

Dungeon Overview and Level Annotations

Branches:
Dungeon (4/15)
 Temple: D:4-7

Altars:
Ashenzari
Cheibriados
Fedhas
Yredelemnul

Shops:
D:4 :


Innate Abilities, Weirdness & Mutations

You are resistant to torment.
You are immune to poison.
((Your stone body is very resilient (AC +4).))
You resist negative energy.
((You are resistant to electric shocks.))
((You can survive without breathing.))
You are immune to petrification.
You are immune to rotting.


Message History

Your roots penetrate the ground.
It was a potion of lignification.
You block the orc's attack.
You hit the orc.
The orc is almost dead.
The orc hits you with a dagger.
* * * LOW HITPOINT WARNING * * *
The orc priest calls upon Beogh to heal the orc.
The orc is healed somewhat.
You hit the orc. You drain the orc!
You kill the orc!
You thump the orc priest!
The orc priest is severely wounded.
You barely miss the orc priest.
The orc priest is severely wounded.
You block the orc priest's attack.
Your shield prevents you from hitting the orc priest.
The orc priest is severely wounded.
The orc priest invokes the aid of Beogh against you.
Something smites you!
You die...

#.#.########.
#######.(..........
#.........#######..
##.######### #..
##...## #.. #.....#
#.. ##...## #..
##.####### #..
#.♣oo...# #..
#######)# #.. #..
#.. #.. #.. ##. ##


You could see an orc priest and an orc.

Vanquished Creatures
  Natasha (twice) (D:4)
  A worker ant (D:3)
  3 adders
  A gnoll (D:1)
  A worm (D:4)
  3 giant geckos
  2 oozes
  2 orcs (D:4)
  2 ball pythons
  A giant cockroach (D:3)
  12 hobgoblins
  12 jackals
  7 kobolds
  A quokka (D:4)
  4 bats
  3 giant newts
  8 goblins
  15 rats
80 creatures vanquished.

Notes
Turn   | Place    | Note
--------------------------------------------------------------
     0 | D:1      | Econoterrorist, the Gargoyle Fighter, began the quest for the Orb.
     0 | D:1      | Reached XP level 1. HP: 14/14 MP: 1/1
    16 | D:1      | Reached XP level 2. HP: 12/19 MP: 2/2
   264 | D:1      | Reached XP level 3. HP: 23/23 MP: 3/3
   691 | D:2      | Reached skill level 4 in Maces & Flails
   922 | D:2      | Reached XP level 4. HP: 25/28 MP: 4/4
  1376 | D:3      | Found a basalt altar of Yredelemnul.
  1383 | D:3      | Found a shattered altar of Ashenzari.
  1392 | D:3      | Found a snail-covered altar of Cheibriados.
  1407 | D:3      | Found a blossoming altar of Fedhas.
  1686 | D:3      | Reached skill level 5 in Maces & Flails
  1843 | D:3      | Reached XP level 5. HP: 32/32 MP: 5/5
  2166 | D:4      | Found Psaen's Book Shoppe.
  2195 | D:4      | Noticed Natasha
  2200 | D:4      | Killed Natasha
  2351 | D:4      | Noticed Natasha
  2355 | D:4      | Killed Natasha
  2417 | D:4      | HP: 1/48 [orc/dagger (2)]
  2421 | D:4      | Killed from afar by an orc priest

Action                   |  1- 3 |  4- 6 || total
-------------------------+-------+-------++-------
Melee: Flail             |   137 |    35 ||   172
       Mace              |       |    82 ||    82
  Use: Potion            |       |     2 ||     2
  Eat: Chunk             |       |     5 ||     5
